[ PARTIDA AOE2 · #483455505 ]
UnrankedSicilianos vs Persians
[ ANÁLISIS DE REPETICIÓN · EXTRAÍDO DE LA PARTIDA GRABADA ]
Feudal
12:21
Castillos
23:46
Imperial
38:55
| APM promedio | 32.4 |
| APM pico | 60 |
| eAPM promedio | 22.5 |
| Aldeanos / militares | 139 / 290 |
Foco
⚔️ 31.4% · 🌾 68.6%
Spearman ×130 · Militia ×77 · Serjeant ×69 · Battering Ram ×12 · Fishing Ship ×6 · Monk ×1
Feudal
—
Castillos
—
Imperial
—
| APM promedio | 37.7 |
| APM pico | 178 |
| eAPM promedio | 33.3 |
| Aldeanos / militares | 107 / 270 |
Foco
⚔️ 12.2% · 🌾 87.8%
Archer ×195 · War Elephant ×60 · Trebuchet (Packed) ×7 · Skirmisher ×5 · Knight ×2 · Militia ×1
Feudal
10:14
Castillos
18:33
Imperial
32:20
| APM promedio | 86.1 |
| APM pico | 162 |
| eAPM promedio | 38.0 |
| Aldeanos / militares | 131 / 157 |
Foco
⚔️ 25.0% · 🌾 75.0%
Mameluke ×74 · Skirmisher ×60 · Scout Cavalry ×15 · Monk ×4 · Trade Cart ×4 · Petard ×2
Feudal
16:20
Castillos
20:25
Imperial
32:35
| APM promedio | 14.3 |
| APM pico | 47 |
| eAPM promedio | 10.9 |
| Aldeanos / militares | 94 / 114 |
Foco
⚔️ 18.8% · 🌾 81.2%
Knight ×84 · Throwing Axeman ×28 · Trade Cart ×14 · Monk ×1 · Trebuchet (Packed) ×1
Feudal
11:52
Castillos
15:55
Imperial
37:27
| APM promedio | 28.1 |
| APM pico | 48 |
| eAPM promedio | 19.4 |
| Aldeanos / militares | 122 / 280 |
Foco
⚔️ 38.9% · 🌾 61.1%
Spearman ×248 · Fishing Ship ×29 · Battering Ram ×28 · Mangonel ×3 · Monk ×1
Feudal
10:56
Castillos
18:11
Imperial
31:04
| APM promedio | 29.2 |
| APM pico | 63 |
| eAPM promedio | 17.1 |
| Aldeanos / militares | 110 / 143 |
Foco
⚔️ 32.6% · 🌾 67.4%
Cavalry Archer ×119 · Magyar Huszar ×16 · Trebuchet (Packed) ×4 · Battering Ram ×2 · Monk ×1 · Mangonel ×1
Feudal
11:18
Castillos
17:13
Imperial
32:50
| APM promedio | 10.2 |
| APM pico | 21 |
| eAPM promedio | 7.6 |
| Aldeanos / militares | 91 / 89 |
Foco
⚔️ 24.5% · 🌾 75.5%
War Wagon ×60 · Trade Cart ×19 · Fire Lancer ×17 · Trebuchet (Packed) ×11 · Fishing Ship ×9 · Monk ×1
Feudal
—
Castillos
—
Imperial
—
| APM promedio | 11.0 |
| APM pico | 50 |
| eAPM promedio | 8.8 |
| Aldeanos / militares | 101 / 17 |
Foco
⚔️ 49.6% · 🌾 50.4%
Militia ×7 · Spearman ×5 · Skirmisher ×5
Mapa de la partida
Recursos iniciales + cada clic de construcción. Líneas = muros · curvas = relieve. ◆ oro · ⬟ piedra · ● bayas · ✦ reliquia · ◌ hueco del cierre
Tu base· ✓ Cerrada en 23:46 · 29t muro · 3 puerta(s)
Base de GermanWolf7· ✓ Cerrada en 15:47 · 16t muro · 1 puerta(s)
Base de animaniacs2· ✓ Cerrada en 18:33 · 13t muro · sin puerta
Base de oxy· ✓ Cerrada en 20:25 · 49t muro · 2 puerta(s)
Base de Kruziik Zoor· ✓ Cerrada en 15:55 · 7t muro · 1 puerta(s)
Base de Huntarof· ✓ Cerrada en 18:11 · 22t muro · sin puerta
Base de Dj_HouseKarl· ✓ Cerrada en 17:13 · 5t muro · 1 puerta(s)
Base de Cracks0213· ✓ Cerrada en 12:00 · 14t muro · 1 puerta(s)
Terreno inicial suavizado · ◌ = hueco del cierre detectado · pasá el cursor para detalles
Inputs por minuto
— 叫我帅哥就好了 - - GermanWolf7
Build order — 叫我帅哥就好了
Primeras 150 de 475 acciones detectadas
| 0:05 | Construir | House |
| 0:06 | Construir | House |
| 0:18 | Crear | Villager (Male) |
| 0:19 | Crear | Villager (Male) |
| 0:22 | Investigar | Loom |
| 1:00 | Construir | Palisade Wall |
| 1:02 | Construir | Palisade Gate |
| 1:04 | Crear | Villager (Male) |
| 1:44 | Crear | Villager (Male) |
| 1:45 | Crear | Villager (Male) |
| 3:50 | Crear | Villager (Male) |
| 3:50 | Crear | Villager (Male) |
| 3:51 | Crear | Villager (Male) |
| 4:19 | Crear | Villager (Male) |
| 4:20 | Crear | Villager (Male) |
| 4:20 | Crear | Villager (Male) |
| 4:50 | Crear | Villager (Male) |
| 5:19 | Crear | Villager (Male) |
| 5:19 | Crear | Villager (Male) |
| 5:20 | Crear | Villager (Male) |
| 5:32 | Construir | House |
| 5:35 | Construir | House |
| 5:36 | Construir | House |
| 5:48 | Crear | Villager (Male) |
| 5:48 | Crear | Villager (Male) |
| 5:48 | Crear | Villager (Male) |
| 5:49 | Crear | Villager (Male) |
| 6:05 | Crear | Villager (Male) |
| 6:05 | Crear | Villager (Male) |
| 6:05 | Crear | Villager (Male) |
| 7:06 | Crear | Villager (Male) |
| 7:06 | Crear | Villager (Male) |
| 7:07 | Crear | Villager (Male) |
| 7:07 | Crear | Villager (Male) |
| 7:07 | Crear | Villager (Male) |
| 7:31 | Crear | Villager (Male) |
| 7:45 | Crear | Villager (Male) |
| 8:04 | Crear | Villager (Male) |
| 8:04 | Crear | Villager (Male) |
| 8:16 | Construir | Lumber Camp |
| 9:18 | Crear | Villager (Male) |
| 9:40 | Construir | Mining Camp |
| 10:11 | Investigar | Feudal Age |
| 10:11 | Investigar | Feudal Age |
| 10:29 | Construir | Mining Camp |
| 10:49 | Construir | House |
| 10:58 | Crear | Villager (Male) |
| 10:58 | Crear | Villager (Male) |
| 12:01 | Crear | Villager (Male) |
| 12:21 | Edad | Edad Feudal |
| 12:38 | Construir | Stone Wall |
| 12:42 | Construir | Gate |
| 12:47 | Crear | Villager (Male) |
| 12:49 | Crear | Villager (Male) |
| 12:57 | Investigar | Double-Bit Axe |
| 13:57 | Construir | Donjon |
| 14:01 | Crear | Villager (Male) |
| 14:01 | Crear | Villager (Male) |
| 14:39 | Construir | Donjon |
| 14:42 | Crear | Villager (Male) |
| 15:15 | Crear | Villager (Male) |
| 15:53 | Crear | Villager (Male) |
| 15:59 | Construir | Mill |
| 16:02 | Crear | Villager (Male) |
| 16:08 | Crear | Serjeant |
| 16:08 | Crear | Serjeant |
| 16:11 | Crear | Spearman |
| 16:18 | Construir | Outpost |
| 16:26 | Construir | Mill |
| 16:49 | Crear | Villager (Male) |
| 16:51 | Construir | Farm |
| 17:10 | Crear | Villager (Male) |
| 17:13 | Construir | Farm |
| 17:30 | Crear | Villager (Male) |
| 17:32 | Construir | Farm |
| 17:55 | Construir | Donjon |
| 18:10 | Crear | Villager (Male) |
| 18:11 | Crear | Villager (Male) |
| 18:14 | Construir | Farm |
| 18:21 | Crear | Villager (Male) |
| 18:40 | Construir | Farm |
| 18:41 | Crear | Villager (Male) |
| 18:52 | Crear | Villager (Male) |
| 19:08 | Construir | Gate |
| 19:11 | Construir | Stone Wall |
| 19:19 | Crear | Villager (Male) |
| 19:45 | Construir | Market |
| 19:57 | Construir | Market |
| 20:20 | Construir | Mining Camp |
| 20:39 | Construir | Blacksmith |
| 20:46 | Crear | Villager (Male) |
| 20:53 | Construir | House |
| 21:06 | Investigar | Castle Age |
| 21:16 | Construir | House |
| 21:19 | Construir | House |
| 21:29 | Crear | Serjeant |
| 21:46 | Construir | House |
| 21:47 | Construir | House |
| 21:59 | Crear | Serjeant |
| 22:23 | Investigar | Wheelbarrow |
| 22:25 | Investigar | Horse Collar |
| 22:26 | Investigar | Horse Collar |
| 22:48 | Crear | Serjeant |
| 22:57 | Construir | House |
| 22:59 | Construir | House |
| 23:01 | Construir | Farm |
| 23:02 | Construir | Farm |
| 23:02 | Construir | Farm |
| 23:21 | Construir | Dock |
| 23:28 | Crear | Serjeant |
| 23:46 | Edad | Edad de los Castillos |
| 24:05 | Crear | Villager (Male) |
| 24:26 | Construir | Siege Workshop |
| 24:34 | Crear | Serjeant |
| 24:56 | Crear | Battering Ram |
| 25:06 | Crear | Villager (Male) |
| 25:29 | Investigar | Pikeman (upgrade) |
| 25:29 | Investigar | Pikeman (upgrade) |
| 25:35 | Construir | Town Center |
| 25:39 | Crear | Villager (Male) |
| 25:41 | Investigar | Bow Saw |
| 26:13 | Construir | Farm |
| 26:15 | Crear | Villager (Male) |
| 26:19 | Construir | Farm |
| 26:33 | Construir | Donjon |
| 26:40 | Crear | Villager (Male) |
| 26:40 | Crear | Villager (Male) |
| 26:45 | Crear | Battering Ram |
| 27:07 | Crear | Villager (Male) |
| 27:08 | Construir | Farm |
| 27:09 | Crear | Villager (Male) |
| 27:10 | Crear | Villager (Male) |
| 27:24 | Crear | Serjeant |
| 27:24 | Crear | Serjeant |
| 28:12 | Crear | Villager (Male) |
| 28:12 | Crear | Villager (Male) |
| 28:15 | Construir | Farm |
| 28:17 | Crear | Villager (Male) ×3 |
| 28:17 | Crear | Villager (Male) ×3 |
| 28:19 | Construir | Farm |
| 28:20 | Construir | Farm |
| 28:20 | Construir | Farm |
| 28:20 | Construir | Farm |
| 28:21 | Construir | Farm |
| 28:21 | Construir | Farm |
| 28:24 | Construir | Town Center |
| 28:31 | Crear | Fishing Ship |
| 28:32 | Crear | Fishing Ship |
| 28:56 | Crear | Spearman |
| 28:57 | Crear | Spearman |
Build order — GermanWolf7
Primeras 150 de 860 acciones detectadas
| 0:04 | Crear | Villager (Male) |
| 0:04 | Investigar | Loom |
| 0:04 | Crear | Villager (Male) |
| 0:05 | Crear | Villager (Male) |
| 0:05 | Crear | Villager (Male) |
| 0:05 | Crear | Villager (Male) |
| 0:09 | Construir | House |
| 0:51 | Construir | House |
| 0:52 | Construir | House |
| 0:54 | Construir | House |
| 0:56 | Construir | House |
| 2:32 | Crear | Villager (Male) |
| 2:32 | Crear | Villager (Male) |
| 2:59 | Crear | Villager (Male) |
| 3:12 | Construir | Mill |
| 3:46 | Crear | Villager (Male) |
| 3:46 | Crear | Villager (Male) |
| 4:55 | Crear | Villager (Male) |
| 4:55 | Crear | Villager (Male) |
| 4:55 | Crear | Villager (Male) |
| 5:52 | Construir | Lumber Camp |
| 6:06 | Crear | Villager (Male) |
| 6:06 | Crear | Villager (Male) |
| 6:07 | Crear | Villager (Male) |
| 6:07 | Crear | Villager (Male) |
| 6:34 | Crear | Villager (Male) |
| 6:59 | Crear | Villager (Male) |
| 8:03 | Crear | Villager (Male) |
| 8:04 | Crear | Villager (Male) |
| 8:04 | Crear | Villager (Male) |
| 8:04 | Crear | Villager (Male) |
| 9:04 | Construir | Mining Camp |
| 9:43 | Investigar | Feudal Age |
| 11:55 | Crear | Villager (Male) |
| 11:56 | Crear | Villager (Male) |
| 12:01 | Construir | House |
| 12:06 | Construir | House |
| 12:19 | Crear | Villager (Male) |
| 12:26 | Construir | Barracks |
| 12:37 | Construir | Blacksmith |
| 12:46 | Construir | Farm |
| 13:15 | Construir | Farm |
| 13:16 | Crear | Villager (Male) |
| 13:29 | Crear | Villager (Male) |
| 13:42 | Construir | Farm |
| 14:01 | Construir | Stone Wall |
| 14:06 | Construir | Gate |
| 14:09 | Crear | Villager (Male) |
| 14:47 | Construir | Farm |
| 14:48 | Crear | Villager (Male) |
| 14:56 | Construir | Market |
| 15:14 | Crear | Villager (Male) |
| 15:20 | Construir | Farm |
| 15:28 | Crear | Villager (Male) |
| 15:47 | Investigar | Castle Age |
| 15:52 | Construir | Farm |
| 15:54 | Investigar | Gold Mining |
| 15:58 | Crear | Militia |
| 16:08 | Construir | Stable |
| 16:16 | Construir | Farm |
| 16:18 | Construir | Farm |
| 16:43 | Construir | Farm |
| 17:40 | Construir | Mining Camp |
| 17:53 | Investigar | Double-Bit Axe |
| 18:06 | Construir | House |
| 18:07 | Construir | House |
| 18:08 | Construir | House |
| 18:31 | Crear | Villager (Male) |
| 18:39 | Crear | Knight |
| 18:39 | Crear | Knight |
| 18:53 | Construir | Town Center |
| 19:01 | Crear | Villager (Male) |
| 19:05 | Crear | Villager (Male) |
| 19:09 | Investigar | Bow Saw |
| 19:40 | Construir | Farm |
| 19:40 | Construir | Farm |
| 19:40 | Construir | Farm |
| 19:40 | Construir | Farm |
| 19:40 | Construir | Farm |
| 19:40 | Construir | Farm |
| 19:40 | Construir | Farm |
| 19:40 | Construir | Farm |
| 19:40 | Construir | Farm |
| 19:40 | Construir | Farm |
| 19:40 | Construir | Farm |
| 19:40 | Construir | Farm |
| 19:40 | Construir | Farm |
| 19:40 | Construir | Farm |
| 19:40 | Construir | Farm |
| 19:40 | Construir | Farm |
| 19:41 | Construir | Farm |
| 19:41 | Construir | Farm |
| 19:41 | Construir | Farm |
| 19:41 | Construir | Farm |
| 19:41 | Construir | Farm |
| 19:41 | Construir | Farm |
| 19:41 | Construir | Farm |
| 19:41 | Construir | Farm |
| 19:41 | Construir | Farm |
| 19:41 | Construir | Farm |
| 19:41 | Construir | Farm |
| 19:41 | Construir | Farm |
| 19:41 | Construir | Farm |
| 19:41 | Construir | Farm |
| 19:41 | Construir | Farm |
| 19:41 | Construir | Farm |
| 19:41 | Construir | Farm |
| 19:41 | Construir | Farm |
| 19:41 | Construir | Farm |
| 19:41 | Construir | Farm |
| 19:41 | Construir | Farm |
| 19:41 | Construir | Farm |
| 19:41 | Construir | Farm |
| 19:41 | Construir | Farm |
| 19:41 | Construir | Farm |
| 19:41 | Construir | Farm |
| 19:41 | Construir | Farm |
| 19:50 | Crear | Villager (Male) |
| 19:51 | Crear | Villager (Male) |
| 19:56 | Construir | House |
| 19:58 | Construir | House |
| 20:12 | Construir | Farm |
| 20:12 | Construir | Farm |
| 20:12 | Construir | Farm |
| 20:21 | Crear | Villager (Male) |
| 20:51 | Investigar | Wheelbarrow |
| 20:51 | Crear | Villager (Male) |
| 20:52 | Crear | Villager (Male) |
| 20:56 | Construir | Farm |
| 21:02 | Construir | House |
| 21:18 | Construir | Farm |
| 21:39 | Construir | Farm |
| 21:50 | Crear | Villager (Male) |
| 21:50 | Crear | Villager (Male) |
| 21:51 | Crear | Villager (Male) |
| 21:51 | Crear | Villager (Male) |
| 22:01 | Construir | Town Center |
| 22:05 | Crear | Villager (Male) |
| 22:05 | Crear | Villager (Male) |
| 22:11 | Investigar | Stone Mining |
| 22:34 | Crear | Villager (Male) |
| 22:40 | Construir | Farm |
| 22:41 | Construir | Farm |
| 22:49 | Construir | House |
| 22:50 | Construir | House |
| 22:54 | Construir | House |
| 22:56 | Crear | Villager (Male) |
| 22:56 | Crear | Villager (Male) |
| 22:56 | Crear | Villager (Male) |
| 22:56 | Crear | Villager (Male) |
Build order — animaniacs2
Primeras 150 de 461 acciones detectadas
| 0:04 | Construir | House |
| 0:05 | Construir | House |
| 0:06 | Crear | Villager (Male) |
| 0:06 | Crear | Villager (Male) |
| 0:06 | Crear | Villager (Male) |
| 0:06 | Crear | Villager (Male) |
| 0:06 | Crear | Villager (Male) |
| 0:40 | Investigar | Loom |
| 0:40 | Crear | Villager (Male) |
| 0:40 | Crear | Villager (Male) |
| 0:40 | Crear | Villager (Male) |
| 0:41 | Crear | Villager (Male) |
| 0:41 | Crear | Villager (Male) |
| 2:04 | Crear | Villager (Male) |
| 2:04 | Crear | Villager (Male) |
| 2:34 | Construir | Palisade Wall |
| 2:44 | Crear | Villager (Male) |
| 2:45 | Crear | Villager (Male) |
| 2:45 | Crear | Villager (Male) |
| 3:08 | Crear | Villager (Male) |
| 3:08 | Crear | Villager (Male) |
| 3:08 | Crear | Villager (Male) |
| 3:28 | Construir | Lumber Camp |
| 3:45 | Crear | Villager (Male) |
| 3:45 | Crear | Villager (Male) |
| 3:46 | Crear | Villager (Male) |
| 4:03 | Construir | House |
| 4:21 | Crear | Villager (Male) |
| 4:21 | Crear | Villager (Male) |
| 4:48 | Crear | Villager (Male) |
| 5:22 | Crear | Villager (Male) |
| 5:23 | Crear | Villager (Male) |
| 5:23 | Crear | Villager (Male) |
| 5:40 | Crear | Villager (Male) |
| 6:23 | Crear | Villager (Male) |
| 6:33 | Construir | Mill |
| 6:52 | Construir | Palisade Wall |
| 7:07 | Crear | Villager (Male) |
| 7:29 | Crear | Villager (Male) |
| 8:04 | Investigar | Feudal Age |
| 9:09 | Construir | House |
| 9:11 | Construir | House |
| 9:17 | Crear | Villager (Male) |
| 10:06 | Crear | Villager (Male) |
| 10:06 | Crear | Villager (Male) |
| 10:07 | Crear | Villager (Male) |
| 10:07 | Crear | Villager (Male) |
| 10:14 | Edad | Edad Feudal |
| 10:18 | Investigar | Double-Bit Axe |
| 10:21 | Construir | Stone Wall |
| 10:31 | Investigar | Horse Collar |
| 11:05 | Crear | Villager (Male) |
| 11:13 | Crear | Villager (Male) |
| 11:22 | Construir | Lumber Camp |
| 11:46 | Crear | Villager (Male) |
| 12:09 | Crear | Villager (Male) |
| 12:33 | Construir | Market |
| 12:56 | Construir | Blacksmith |
| 13:52 | Construir | Mining Camp |
| 13:57 | Construir | Farm |
| 14:00 | Construir | Farm |
| 14:00 | Construir | Farm |
| 14:06 | Crear | Villager (Male) |
| 14:35 | Construir | Mining Camp |
| 14:58 | Crear | Villager (Male) |
| 15:01 | Construir | House |
| 15:28 | Crear | Villager (Male) |
| 15:47 | Construir | Farm |
| 15:53 | Investigar | Castle Age |
| 15:53 | Investigar | Castle Age |
| 16:03 | Construir | Outpost |
| 16:10 | Construir | Farm |
| 16:12 | Construir | Farm |
| 16:13 | Construir | Farm |
| 16:14 | Construir | Farm |
| 16:29 | Construir | Mill |
| 16:34 | Construir | Mill |
| 17:02 | Investigar | Stone Mining |
| 17:02 | Investigar | Stone Mining |
| 17:36 | Crear | Villager (Male) |
| 17:58 | Crear | Villager (Male) |
| 18:25 | Crear | Villager (Male) |
| 18:33 | Edad | Edad de los Castillos |
| 18:39 | Construir | Town Center |
| 18:43 | Crear | Villager (Male) |
| 19:06 | Construir | House |
| 19:07 | Construir | House |
| 19:10 | Crear | Villager (Male) |
| 19:36 | Crear | Villager (Male) |
| 19:38 | Crear | Villager (Male) |
| 19:38 | Crear | Villager (Male) |
| 19:39 | Crear | Villager (Male) |
| 19:39 | Crear | Villager (Male) |
| 19:39 | Crear | Villager (Male) |
| 19:49 | Investigar | Bow Saw |
| 20:01 | Construir | Farm |
| 20:01 | Construir | Farm |
| 20:27 | Crear | Villager (Male) |
| 20:27 | Crear | Villager (Male) |
| 20:27 | Crear | Villager (Male) |
| 20:28 | Crear | Villager (Male) |
| 20:28 | Crear | Villager (Male) |
| 20:45 | Crear | Villager (Male) |
| 20:45 | Crear | Villager (Male) |
| 20:46 | Crear | Villager (Male) |
| 20:57 | Construir | Castle |
| 21:11 | Construir | Gate |
| 21:20 | Construir | House |
| 21:24 | Investigar | Town Watch |
| 21:26 | Crear | Villager (Male) |
| 21:26 | Crear | Villager (Male) |
| 21:40 | Crear | Villager (Male) |
| 21:41 | Crear | Villager (Male) |
| 21:50 | Construir | Town Center |
| 21:53 | Crear | Villager (Male) |
| 21:53 | Crear | Villager (Male) |
| 21:53 | Crear | Villager (Male) |
| 21:53 | Crear | Villager (Male) |
| 22:09 | Investigar | Fletching |
| 22:26 | Crear | Villager (Male) |
| 22:26 | Crear | Villager (Male) |
| 22:27 | Crear | Villager (Male) |
| 22:40 | Construir | Lumber Camp |
| 22:49 | Crear | Villager (Male) |
| 22:49 | Crear | Villager (Male) |
| 22:49 | Crear | Villager (Male) |
| 22:50 | Crear | Villager (Male) |
| 22:59 | Construir | Farm |
| 23:01 | Construir | Farm |
| 23:01 | Construir | Farm |
| 23:01 | Construir | Farm |
| 23:01 | Construir | Farm |
| 23:01 | Construir | Farm |
| 23:02 | Construir | Farm |
| 23:02 | Construir | Farm |
| 23:02 | Construir | Farm |
| 23:02 | Construir | Farm |
| 23:02 | Construir | Farm |
| 23:13 | Crear | Villager (Male) |
| 23:14 | Crear | Villager (Male) |
| 23:14 | Crear | Villager (Male) |
| 23:14 | Crear | Villager (Male) |
| 23:26 | Crear | Mameluke |
| 23:36 | Construir | Farm |
| 23:41 | Crear | Villager (Male) |
| 23:41 | Crear | Villager (Male) |
| 23:49 | Crear | Trade Cart |
| 23:56 | Construir | Lumber Camp |
| 24:04 | Crear | Villager (Male) |
| 24:04 | Crear | Villager (Male) |
Build order — oxy
Primeras 150 de 308 acciones detectadas
| 0:05 | Construir | House |
| 0:07 | Construir | House |
| 0:10 | Construir | House |
| 0:12 | Investigar | Loom |
| 0:13 | Crear | Villager (Male) ×4 |
| 1:34 | Construir | Palisade Wall |
| 2:13 | Crear | Villager (Male) |
| 3:19 | Crear | Villager (Male) |
| 3:19 | Crear | Villager (Male) |
| 4:03 | Crear | Villager (Male) |
| 4:13 | Construir | Palisade Gate |
| 4:22 | Crear | Villager (Male) |
| 4:42 | Crear | Villager (Male) |
| 4:58 | Construir | Palisade Gate |
| 5:04 | Crear | Villager (Male) |
| 5:47 | Construir | House |
| 5:48 | Construir | House |
| 6:01 | Crear | Villager (Male) |
| 6:28 | Crear | Villager (Male) |
| 6:34 | Construir | Lumber Camp |
| 6:47 | Construir | House |
| 7:04 | Crear | Villager (Male) |
| 7:05 | Crear | Villager (Male) |
| 7:26 | Construir | House |
| 7:57 | Construir | House |
| 8:05 | Crear | Villager (Male) |
| 8:19 | Construir | Lumber Camp |
| 8:34 | Crear | Villager (Male) |
| 8:51 | Construir | Mining Camp |
| 9:01 | Crear | Villager (Male) |
| 9:16 | Crear | Villager (Male) |
| 9:17 | Crear | Villager (Male) |
| 9:48 | Crear | Villager (Male) |
| 9:48 | Crear | Villager (Male) |
| 9:59 | Construir | Mill |
| 10:34 | Construir | Mining Camp |
| 11:12 | Crear | Villager (Male) |
| 11:13 | Crear | Villager (Male) |
| 12:05 | Construir | Mill |
| 12:12 | Crear | Villager (Male) |
| 12:52 | Crear | Villager (Male) |
| 13:14 | Crear | Villager (Male) |
| 13:44 | Crear | Villager (Male) |
| 14:10 | Investigar | Feudal Age |
| 15:17 | Crear | Villager (Male) |
| 15:17 | Crear | Villager (Male) |
| 16:20 | Edad | Edad Feudal |
| 16:24 | Construir | Market |
| 16:52 | Construir | Blacksmith |
| 17:27 | Construir | Stone Wall |
| 17:45 | Investigar | Castle Age |
| 19:32 | Crear | Villager (Male) |
| 19:58 | Construir | Farm |
| 20:04 | Construir | Farm |
| 20:05 | Construir | Farm |
| 20:06 | Construir | Farm |
| 20:10 | Construir | Farm |
| 20:15 | Construir | Farm |
| 20:15 | Construir | Farm |
| 20:15 | Construir | Farm |
| 20:16 | Construir | Farm |
| 20:16 | Construir | Farm |
| 20:16 | Construir | Farm |
| 20:16 | Construir | Farm |
| 20:17 | Construir | Farm |
| 20:20 | Crear | Villager (Male) |
| 20:25 | Edad | Edad de los Castillos |
| 20:29 | Construir | House |
| 20:36 | Investigar | Caravan |
| 20:37 | Crear | Trade Cart |
| 20:50 | Crear | Villager (Male) |
| 20:57 | Construir | Farm |
| 21:00 | Construir | Farm |
| 21:02 | Crear | Villager (Male) |
| 21:20 | Construir | Castle |
| 21:40 | Construir | Farm |
| 21:45 | Construir | Farm |
| 21:47 | Crear | Villager (Male) |
| 21:49 | Crear | Villager (Male) |
| 21:50 | Investigar | Wheelbarrow |
| 22:18 | Construir | Town Center |
| 22:47 | Construir | Town Center |
| 23:15 | Crear | Villager (Male) |
| 23:18 | Investigar | Town Watch |
| 23:22 | Investigar | Double-Bit Axe |
| 23:28 | Crear | Trade Cart |
| 24:03 | Crear | Villager (Male) |
| 24:23 | Crear | Trade Cart ×3 |
| 24:30 | Crear | Villager (Male) |
| 24:45 | Investigar | Fletching |
| 24:45 | Investigar | Fletching |
| 24:54 | Crear | Villager (Male) |
| 24:57 | Crear | Villager (Male) |
| 25:03 | Investigar | Hand Cart |
| 25:17 | Construir | Monastery |
| 25:22 | Crear | Villager (Male) |
| 25:25 | Crear | Villager (Male) |
| 25:29 | Crear | Villager (Male) |
| 25:35 | Investigar | Bow Saw |
| 26:04 | Crear | Monk |
| 26:13 | Crear | Villager (Male) |
| 26:14 | Crear | Villager (Male) |
| 26:17 | Crear | Villager (Male) |
| 26:18 | Crear | Villager (Male) |
| 26:23 | Crear | Villager (Male) |
| 26:40 | Construir | Barracks |
| 26:44 | Crear | Trade Cart |
| 26:44 | Crear | Trade Cart |
| 26:51 | Crear | Villager (Male) |
| 26:51 | Crear | Villager (Male) |
| 26:55 | Crear | Villager (Male) |
| 26:56 | Crear | Villager (Male) |
| 27:09 | Crear | Villager (Male) |
| 27:13 | Crear | Villager (Male) |
| 27:13 | Crear | Villager (Male) |
| 27:35 | Crear | Villager (Male) |
| 27:45 | Crear | Trade Cart |
| 27:57 | Crear | Villager (Male) |
| 27:59 | Crear | Villager (Male) |
| 28:03 | Construir | Farm |
| 28:08 | Construir | Farm |
| 28:10 | Crear | Villager (Male) |
| 28:36 | Construir | Town Center |
| 28:45 | Construir | Farm |
| 28:49 | Construir | Farm |
| 28:52 | Construir | Farm |
| 28:55 | Crear | Villager (Male) |
| 28:59 | Crear | Villager (Male) |
| 29:25 | Investigar | Imperial Age |
| 29:29 | Construir | Farm |
| 29:58 | Construir | Stable |
| 30:01 | Construir | Stable |
| 30:11 | Crear | Villager (Male) |
| 30:11 | Crear | Villager (Male) |
| 30:13 | Crear | Villager (Male) |
| 30:14 | Crear | Villager (Male) |
| 30:26 | Construir | House |
| 30:32 | Construir | House |
| 30:39 | Investigar | Scale Barding Armor |
| 30:40 | Investigar | Forging |
| 30:46 | Construir | Farm |
| 30:50 | Construir | Farm |
| 30:51 | Crear | Villager (Male) |
| 30:54 | Crear | Villager (Male) |
| 31:04 | Investigar | Husbandry |
| 31:16 | Construir | Farm |
| 31:22 | Crear | Villager (Male) |
| 31:22 | Crear | Villager (Male) |
| 31:24 | Crear | Villager (Male) |
| 31:25 | Crear | Villager (Male) |
Build order — Kruziik Zoor
Primeras 150 de 503 acciones detectadas
| 0:01 | Crear | Villager (Male) |
| 0:01 | Crear | Villager (Male) |
| 0:02 | Crear | Villager (Male) |
| 0:02 | Crear | Villager (Male) |
| 0:05 | Construir | House |
| 0:07 | Construir | House |
| 1:17 | Crear | Villager (Male) |
| 1:51 | Crear | Villager (Male) |
| 1:52 | Crear | Villager (Male) |
| 2:28 | Crear | Villager (Male) |
| 2:30 | Crear | Villager (Male) |
| 2:30 | Crear | Villager (Male) |
| 2:41 | Construir | Mule Cart |
| 3:13 | Crear | Villager (Male) |
| 3:13 | Crear | Villager (Male) |
| 3:40 | Crear | Villager (Male) |
| 3:53 | Construir | House |
| 4:13 | Crear | Villager (Male) |
| 4:23 | Investigar | Loom |
| 4:34 | Crear | Villager (Male) |
| 4:47 | Construir | Mill |
| 4:54 | Crear | Villager (Male) |
| 4:54 | Crear | Villager (Male) |
| 4:55 | Crear | Villager (Male) |
| 5:33 | Crear | Villager (Male) |
| 5:33 | Crear | Villager (Male) |
| 6:04 | Crear | Villager (Male) |
| 6:07 | Construir | Mule Cart |
| 6:37 | Crear | Villager (Male) |
| 6:37 | Crear | Villager (Male) |
| 7:09 | Construir | House |
| 7:25 | Construir | Dock |
| 7:37 | Investigar | Loom |
| 7:37 | Crear | Villager (Male) |
| 8:05 | Crear | Villager (Male) |
| 8:05 | Crear | Villager (Male) |
| 8:07 | Crear | Fishing Ship |
| 8:31 | Construir | Palisade Wall |
| 8:31 | Construir | Palisade Wall |
| 8:38 | Crear | Villager (Male) |
| 8:39 | Investigar | Feudal Age |
| 8:51 | Construir | Palisade Wall |
| 8:56 | Construir | Palisade Wall |
| 9:04 | Construir | Palisade Gate |
| 9:22 | Construir | Palisade Wall |
| 9:51 | Construir | Mule Cart |
| 9:59 | Construir | Mule Cart |
| 10:20 | Construir | Palisade Wall |
| 10:26 | Construir | Palisade Wall |
| 10:42 | Crear | Villager (Male) |
| 10:42 | Crear | Villager (Male) |
| 10:53 | Construir | Palisade Wall |
| 11:52 | Edad | Edad Feudal |
| 11:54 | Construir | Blacksmith |
| 11:55 | Construir | Market |
| 12:08 | Construir | House |
| 12:56 | Investigar | Castle Age |
| 13:32 | Construir | Mule Cart |
| 14:14 | Construir | Barracks |
| 14:24 | Investigar | Double-Bit Axe |
| 14:26 | Investigar | Horse Collar |
| 15:35 | Crear | Fishing Ship |
| 15:36 | Crear | Fishing Ship |
| 15:55 | Edad | Edad de los Castillos |
| 16:00 | Construir | Town Center |
| 16:05 | Crear | Villager (Male) |
| 16:06 | Crear | Villager (Male) |
| 16:16 | Construir | Town Center |
| 16:37 | Construir | House |
| 16:42 | Crear | Villager (Male) |
| 16:42 | Crear | Villager (Male) |
| 16:50 | Construir | Mule Cart |
| 17:04 | Investigar | Pikeman (upgrade) |
| 17:09 | Construir | House |
| 17:15 | Construir | House |
| 17:16 | Construir | House |
| 17:18 | Construir | House |
| 17:18 | Construir | House |
| 17:27 | Crear | Villager (Male) |
| 17:28 | Crear | Villager (Male) |
| 17:35 | Crear | Villager (Male) |
| 17:35 | Crear | Villager (Male) |
| 17:41 | Crear | Fishing Ship |
| 18:13 | Construir | Siege Workshop |
| 18:21 | Construir | House |
| 18:31 | Crear | Villager (Male) |
| 18:33 | Construir | Farm |
| 18:40 | Construir | Fish Trap |
| 18:45 | Crear | Fishing Ship |
| 18:57 | Crear | Mangonel |
| 19:24 | Construir | Monastery |
| 19:38 | Construir | House |
| 19:39 | Construir | House |
| 19:39 | Construir | House |
| 19:41 | Crear | Villager (Male) |
| 19:41 | Crear | Villager (Male) |
| 19:52 | Crear | Fishing Ship |
| 19:58 | Construir | Fish Trap |
| 20:13 | Construir | Farm |
| 20:24 | Construir | Fish Trap |
| 20:33 | Crear | Fishing Ship |
| 20:45 | Construir | Fish Trap |
| 20:58 | Crear | Monk |
| 21:22 | Investigar | Squires |
| 21:49 | Crear | Mangonel |
| 21:53 | Construir | Barracks |
| 21:57 | Construir | Barracks |
| 22:00 | Construir | House |
| 22:01 | Construir | House |
| 22:06 | Crear | Villager (Male) |
| 22:06 | Crear | Villager (Male) |
| 22:14 | Construir | Palisade Wall |
| 22:24 | Construir | House |
| 22:26 | Crear | Villager (Male) |
| 22:26 | Crear | Villager (Male) |
| 22:47 | Crear | Villager (Male) |
| 23:16 | Crear | Battering Ram |
| 23:16 | Crear | Battering Ram |
| 23:42 | Construir | Farm |
| 23:44 | Construir | Farm |
| 23:44 | Crear | Villager (Male) |
| 23:45 | Crear | Villager (Male) |
| 23:45 | Crear | Villager (Male) |
| 23:48 | Crear | Fishing Ship |
| 23:48 | Crear | Fishing Ship |
| 23:55 | Construir | Farm |
| 24:05 | Construir | Farm |
| 24:08 | Construir | Farm |
| 24:08 | Crear | Villager (Male) |
| 24:08 | Crear | Villager (Male) |
| 24:12 | Construir | Fish Trap |
| 24:16 | Construir | Fish Trap |
| 24:19 | Construir | Fish Trap |
| 24:23 | Crear | Fishing Ship |
| 24:27 | Construir | Dock |
| 24:32 | Crear | Villager (Male) |
| 24:32 | Crear | Villager (Male) |
| 24:39 | Crear | Battering Ram |
| 25:03 | Crear | Battering Ram |
| 25:11 | Construir | Farm |
| 25:17 | Construir | Fish Trap |
| 25:22 | Construir | Fish Trap |
| 25:23 | Crear | Fishing Ship |
| 25:24 | Crear | Fishing Ship |
| 25:31 | Construir | Farm |
| 25:32 | Crear | Villager (Male) |
| 25:32 | Crear | Villager (Male) |
| 25:32 | Crear | Villager (Male) |
| 25:36 | Construir | Barracks |
| 25:45 | Construir | House |
Build order — Huntarof
Primeras 150 de 396 acciones detectadas
| 0:02 | Construir | House |
| 0:03 | Construir | House |
| 0:03 | Crear | Villager (Male) |
| 0:03 | Crear | Villager (Male) |
| 0:04 | Crear | Villager (Male) |
| 0:04 | Crear | Villager (Male) |
| 0:16 | Investigar | Loom |
| 0:16 | Crear | Villager (Male) |
| 0:17 | Crear | Villager (Male) |
| 0:17 | Crear | Villager (Male) |
| 0:17 | Crear | Villager (Male) |
| 1:01 | Construir | Palisade Wall |
| 1:44 | Crear | Villager (Male) |
| 2:34 | Construir | Lumber Camp |
| 2:42 | Crear | Villager (Male) |
| 3:37 | Crear | Villager (Male) |
| 3:37 | Crear | Villager (Male) |
| 4:09 | Crear | Villager (Male) |
| 4:22 | Crear | Villager (Male) |
| 4:29 | Construir | House |
| 4:42 | Crear | Villager (Male) |
| 5:13 | Crear | Villager (Male) |
| 5:33 | Crear | Villager (Male) |
| 5:51 | Crear | Villager (Male) |
| 6:12 | Crear | Villager (Male) |
| 6:31 | Crear | Villager (Male) |
| 6:45 | Crear | Villager (Male) |
| 6:59 | Construir | House |
| 7:14 | Construir | Mill |
| 7:31 | Crear | Villager (Male) |
| 8:17 | Crear | Villager (Male) |
| 8:46 | Investigar | Feudal Age |
| 8:46 | Investigar | Feudal Age |
| 9:07 | Construir | House |
| 9:08 | Construir | House |
| 9:09 | Construir | House |
| 9:11 | Construir | House |
| 9:12 | Construir | House |
| 9:13 | Construir | House |
| 9:58 | Construir | Lumber Camp |
| 10:53 | Crear | Villager (Male) |
| 10:53 | Crear | Villager (Male) |
| 10:56 | Edad | Edad Feudal |
| 10:59 | Construir | Mining Camp |
| 11:10 | Crear | Villager (Male) |
| 11:22 | Crear | Villager (Male) |
| 11:23 | Construir | Farm |
| 11:47 | Construir | Stone Wall |
| 11:49 | Crear | Villager (Male) |
| 11:50 | Construir | Farm |
| 12:10 | Crear | Villager (Male) |
| 12:25 | Construir | Market |
| 12:38 | Crear | Villager (Male) |
| 13:03 | Construir | Farm |
| 13:16 | Crear | Villager (Male) |
| 13:41 | Crear | Villager (Male) |
| 13:48 | Construir | Blacksmith |
| 13:52 | Crear | Villager (Male) |
| 14:25 | Construir | Farm |
| 14:51 | Crear | Villager (Male) |
| 14:53 | Construir | Farm |
| 15:06 | Crear | Villager (Male) |
| 15:08 | Construir | Farm |
| 15:21 | Investigar | Castle Age |
| 15:50 | Construir | Mining Camp |
| 16:12 | Investigar | Double-Bit Axe |
| 17:10 | Crear | Villager (Male) |
| 17:11 | Crear | Villager (Male) |
| 18:11 | Edad | Edad de los Castillos |
| 18:13 | Construir | Town Center |
| 18:23 | Construir | Town Center |
| 18:37 | Crear | Villager (Male) |
| 18:44 | Investigar | Horse Collar |
| 19:08 | Construir | Farm |
| 19:09 | Crear | Villager (Male) |
| 19:21 | Crear | Villager (Male) |
| 19:22 | Crear | Villager (Male) |
| 19:47 | Construir | Barracks |
| 19:49 | Crear | Villager (Male) |
| 19:49 | Crear | Villager (Male) |
| 19:52 | Crear | Villager (Male) |
| 19:54 | Construir | House |
| 19:57 | Construir | Farm |
| 20:01 | Crear | Villager (Male) |
| 20:01 | Crear | Villager (Male) |
| 20:22 | Crear | Villager (Male) |
| 20:26 | Construir | House |
| 20:27 | Construir | House |
| 20:32 | Construir | Farm |
| 20:33 | Crear | Villager (Male) |
| 20:36 | Crear | Villager (Male) |
| 21:00 | Construir | Monastery |
| 21:02 | Crear | Villager (Male) |
| 21:05 | Construir | Farm |
| 21:08 | Crear | Villager (Male) |
| 21:25 | Crear | Villager (Male) |
| 21:27 | Crear | Villager (Male) |
| 21:28 | Crear | Villager (Male) |
| 21:39 | Construir | Archery Range |
| 21:44 | Construir | Farm |
| 21:45 | Crear | Villager (Male) |
| 21:47 | Crear | Villager (Male) |
| 22:04 | Crear | Villager (Male) |
| 22:04 | Crear | Villager (Male) |
| 22:09 | Construir | Farm |
| 22:14 | Construir | House |
| 22:15 | Crear | Monk |
| 22:28 | Crear | Villager (Male) |
| 22:40 | Crear | Villager (Male) |
| 22:41 | Construir | Farm |
| 22:42 | Crear | Villager (Male) |
| 22:45 | Crear | Villager (Male) |
| 22:52 | Construir | Archery Range |
| 22:58 | Construir | House |
| 23:00 | Construir | House |
| 23:07 | Crear | Villager (Male) |
| 23:16 | Construir | Dock |
| 23:23 | Crear | Villager (Male) |
| 23:24 | Crear | Villager (Male) |
| 23:26 | Construir | Farm |
| 23:29 | Construir | Farm |
| 23:31 | Crear | Villager (Male) |
| 23:34 | Construir | House |
| 23:38 | Crear | Villager (Male) |
| 23:48 | Crear | Villager (Male) |
| 24:02 | Construir | Market |
| 24:09 | Construir | Farm |
| 24:11 | Crear | Villager (Male) |
| 24:17 | Construir | Farm |
| 24:22 | Construir | House |
| 24:30 | Crear | Villager (Male) |
| 24:30 | Crear | Villager (Male) |
| 24:35 | Crear | Villager (Male) |
| 24:36 | Crear | Villager (Male) |
| 24:38 | Crear | Villager (Male) |
| 24:40 | Crear | Villager (Male) |
| 24:40 | Crear | Villager (Male) |
| 24:42 | Construir | Farm |
| 25:01 | Construir | Castle |
| 25:11 | Construir | Farm |
| 25:12 | Construir | Farm |
| 25:15 | Construir | Farm |
| 25:17 | Construir | Farm |
| 25:18 | Crear | Villager (Male) |
| 25:23 | Crear | Villager (Male) |
| 25:41 | Construir | Lumber Camp |
| 25:44 | Crear | Villager (Male) |
| 25:45 | Crear | Villager (Male) |
| 25:57 | Construir | Farm |
| 25:59 | Crear | Villager (Male) |
Build order — Dj_HouseKarl
Primeras 150 de 232 acciones detectadas
| 0:02 | Crear | Villager (Male) ×4 |
| 0:05 | Construir | House |
| 0:08 | Construir | House |
| 1:42 | Crear | Villager (Male) |
| 2:12 | Crear | Villager (Male) |
| 2:17 | Crear | Villager (Male) |
| 2:58 | Construir | Lumber Camp |
| 3:03 | Crear | Villager (Male) |
| 3:03 | Crear | Villager (Male) |
| 3:44 | Crear | Villager (Male) |
| 4:13 | Construir | House |
| 4:14 | Construir | House |
| 4:21 | Crear | Villager (Male) |
| 4:53 | Crear | Villager (Male) |
| 4:53 | Crear | Villager (Male) |
| 5:05 | Construir | Palisade Wall |
| 5:54 | Construir | Dock |
| 6:08 | Crear | Villager (Male) |
| 6:08 | Crear | Villager (Male) |
| 6:24 | Construir | Mill |
| 6:57 | Crear | Villager (Male) |
| 6:57 | Crear | Villager (Male) |
| 6:57 | Crear | Villager (Male) |
| 7:15 | Crear | Fishing Ship |
| 7:44 | Crear | Fishing Ship |
| 7:52 | Crear | Villager (Male) |
| 8:24 | Construir | Mill |
| 8:36 | Construir | House |
| 8:49 | Crear | Villager (Male) |
| 8:50 | Crear | Villager (Male) |
| 8:57 | Crear | Fishing Ship |
| 9:08 | Investigar | Feudal Age |
| 9:29 | Construir | Mill |
| 10:19 | Construir | Mining Camp |
| 10:28 | Crear | Villager (Male) |
| 10:28 | Crear | Villager (Male) |
| 10:32 | Investigar | Loom |
| 10:58 | Construir | Mining Camp |
| 11:18 | Edad | Edad Feudal |
| 11:26 | Construir | Watch Tower |
| 11:36 | Construir | Watch Tower |
| 11:46 | Construir | Blacksmith |
| 11:53 | Construir | House |
| 11:59 | Crear | Villager (Male) |
| 12:59 | Investigar | Double-Bit Axe |
| 13:15 | Construir | Outpost |
| 13:21 | Construir | House |
| 13:40 | Construir | Market |
| 14:01 | Construir | Gate |
| 14:07 | Crear | Villager (Male) |
| 14:07 | Crear | Villager (Male) |
| 14:32 | Investigar | Castle Age |
| 14:47 | Construir | Mining Camp |
| 14:52 | Construir | Fish Trap |
| 14:55 | Construir | Fish Trap |
| 16:42 | Construir | Lumber Camp |
| 16:50 | Crear | Villager (Male) ×5 |
| 17:13 | Edad | Edad de los Castillos |
| 17:19 | Construir | Town Center |
| 17:36 | Construir | Barracks |
| 18:05 | Construir | Fish Trap |
| 18:23 | Construir | House |
| 18:47 | Crear | Villager (Male) ×5 |
| 19:10 | Crear | Fishing Ship |
| 19:14 | Investigar | Tech 906 |
| 19:45 | Construir | Watch Tower |
| 19:51 | Investigar | Fletching |
| 19:54 | Crear | Villager (Male) |
| 19:55 | Crear | Villager (Male) |
| 19:59 | Construir | Fish Trap |
| 20:07 | Crear | Fishing Ship |
| 20:38 | Construir | Monastery |
| 20:50 | Crear | Villager (Male) |
| 20:50 | Crear | Villager (Male) |
| 20:51 | Crear | Villager (Male) |
| 20:52 | Crear | Villager (Male) |
| 20:57 | Construir | House |
| 20:58 | Construir | House |
| 21:04 | Construir | Fish Trap |
| 21:08 | Crear | Monk |
| 21:23 | Construir | Castle |
| 21:37 | Crear | Villager (Male) |
| 21:38 | Crear | Villager (Male) |
| 21:52 | Crear | Trade Cart ×3 |
| 22:27 | Crear | Villager (Male) |
| 22:28 | Crear | Villager (Male) |
| 22:30 | Crear | Fishing Ship |
| 22:31 | Crear | Fishing Ship |
| 22:56 | Crear | Villager (Male) |
| 22:57 | Crear | Villager (Male) |
| 23:04 | Construir | House |
| 23:05 | Construir | House |
| 23:06 | Construir | House |
| 23:38 | Construir | Archery Range |
| 23:39 | Construir | Archery Range |
| 23:58 | Construir | Fish Trap |
| 24:05 | Construir | Fish Trap |
| 24:09 | Crear | Fishing Ship |
| 24:11 | Crear | Villager (Male) |
| 24:11 | Crear | Villager (Male) |
| 24:17 | Crear | Trade Cart |
| 24:36 | Construir | Castle |
| 24:42 | Crear | War Wagon ×2 |
| 24:56 | Crear | Villager (Male) |
| 24:57 | Crear | Villager (Male) |
| 25:02 | Crear | Fishing Ship |
| 25:06 | Construir | Fish Trap |
| 25:17 | Construir | House |
| 25:17 | Construir | House |
| 25:19 | Construir | House |
| 25:48 | Crear | Villager (Male) |
| 25:48 | Crear | Villager (Male) |
| 25:49 | Crear | Villager (Male) |
| 25:49 | Crear | Villager (Male) |
| 25:57 | Crear | War Wagon ×5 |
| 26:17 | Construir | Farm |
| 26:17 | Construir | Farm |
| 26:17 | Construir | Farm |
| 26:18 | Construir | Farm |
| 26:24 | Investigar | Horse Collar |
| 26:38 | Construir | Farm |
| 26:38 | Construir | Farm |
| 27:08 | Investigar | Bodkin Arrow |
| 27:19 | Construir | Farm |
| 27:19 | Construir | Farm |
| 27:19 | Construir | Farm |
| 27:20 | Construir | Farm |
| 27:28 | Investigar | Gillnets |
| 27:49 | Construir | Farm |
| 27:54 | Construir | Farm |
| 27:55 | Construir | Farm |
| 27:55 | Construir | Farm |
| 27:59 | Crear | Villager (Male) |
| 27:59 | Crear | Villager (Male) |
| 28:00 | Crear | Villager (Male) |
| 28:00 | Crear | Villager (Male) |
| 28:04 | Construir | Farm |
| 28:10 | Construir | Farm |
| 28:17 | Construir | Fish Trap |
| 28:28 | Crear | Trade Cart |
| 29:19 | Construir | Farm |
| 29:20 | Construir | Farm |
| 29:40 | Investigar | Imperial Age |
| 29:50 | Crear | War Wagon ×2 |
| 30:16 | Construir | University |
| 30:23 | Investigar | Wheelbarrow |
| 30:28 | Investigar | Town Watch |
| 30:30 | Crear | Villager (Male) |
| 30:30 | Crear | Villager (Male) |
| 30:34 | Crear | Trade Cart ×4 |
Build order — Cracks0213
147 acciones detectadas en el replay
| 0:02 | Crear | Villager (Male) |
| 0:02 | Crear | Villager (Male) |
| 0:02 | Crear | Villager (Male) |
| 0:05 | Construir | House |
| 0:08 | Construir | House |
| 0:30 | Crear | Villager (Male) |
| 0:30 | Crear | Villager (Male) |
| 0:30 | Crear | Villager (Male) |
| 0:31 | Crear | Villager (Male) |
| 0:34 | Investigar | Loom |
| 0:35 | Crear | Villager (Male) ×3 |
| 0:36 | Crear | Villager (Male) ×3 |
| 0:36 | Crear | Villager (Male) ×3 |
| 0:36 | Crear | Villager (Male) ×3 |
| 1:11 | Construir | Palisade Wall |
| 2:02 | Construir | Palisade Gate |
| 2:24 | Crear | Villager (Male) |
| 2:24 | Crear | Villager (Male) |
| 2:24 | Crear | Villager (Male) |
| 2:48 | Crear | Villager (Male) |
| 2:48 | Crear | Villager (Male) |
| 2:49 | Crear | Villager (Male) |
| 2:49 | Crear | Villager (Male) |
| 3:25 | Crear | Villager (Male) |
| 3:25 | Crear | Villager (Male) |
| 3:25 | Crear | Villager (Male) |
| 4:23 | Crear | Villager (Male) |
| 4:23 | Crear | Villager (Male) |
| 4:23 | Crear | Villager (Male) |
| 4:35 | Crear | Villager (Male) |
| 4:35 | Crear | Villager (Male) |
| 4:35 | Crear | Villager (Male) |
| 4:35 | Crear | Villager (Male) |
| 4:57 | Crear | Villager (Male) |
| 4:57 | Crear | Villager (Male) |
| 4:57 | Crear | Villager (Male) |
| 5:29 | Crear | Villager (Male) |
| 5:29 | Crear | Villager (Male) |
| 5:29 | Crear | Villager (Male) |
| 5:38 | Construir | House |
| 5:39 | Construir | House |
| 5:45 | Crear | Villager (Male) |
| 5:45 | Crear | Villager (Male) |
| 5:46 | Crear | Villager (Male) |
| 6:08 | Crear | Villager (Male) |
| 6:08 | Crear | Villager (Male) |
| 6:08 | Crear | Villager (Male) |
| 6:08 | Crear | Villager (Male) |
| 6:09 | Crear | Villager (Male) |
| 6:16 | Crear | Villager (Male) |
| 6:17 | Crear | Villager (Male) |
| 6:17 | Crear | Villager (Male) |
| 6:17 | Crear | Villager (Male) |
| 7:26 | Crear | Villager (Male) |
| 7:26 | Crear | Villager (Male) |
| 7:26 | Crear | Villager (Male) |
| 7:26 | Crear | Villager (Male) |
| 7:27 | Crear | Villager (Male) |
| 7:27 | Crear | Villager (Male) |
| 8:47 | Crear | Villager (Male) |
| 8:47 | Crear | Villager (Male) |
| 8:47 | Crear | Villager (Male) |
| 8:48 | Crear | Villager (Male) |
| 8:48 | Crear | Villager (Male) |
| 8:48 | Crear | Villager (Male) |
| 8:48 | Crear | Villager (Male) |
| 8:48 | Crear | Villager (Male) |
| 8:49 | Crear | Villager (Male) |
| 8:49 | Crear | Villager (Male) |
| 8:49 | Crear | Villager (Male) |
| 9:41 | Construir | Mill |
| 10:40 | Construir | Lumber Camp |
| 10:53 | Construir | House |
| 10:57 | Construir | House |
| 10:58 | Construir | House |
| 11:07 | Investigar | Feudal Age |
| 11:08 | Crear | Villager (Male) ×5 |
| 11:08 | Crear | Villager (Male) ×5 |
| 11:08 | Crear | Villager (Male) ×5 |
| 11:08 | Crear | Villager (Male) ×3 |
| 11:41 | Construir | Barracks |
| 13:43 | Construir | Gate |
| 13:52 | Crear | Militia ×2 |
| 13:55 | Investigar | Man-at-Arms (upgrade) |
| 14:34 | Crear | Spearman ×5 |
| 15:18 | Construir | Gate |
| 17:44 | Construir | House |
| 17:49 | Construir | Blacksmith |
| 17:55 | Construir | Archery Range |
| 18:31 | Crear | Villager (Male) |
| 18:31 | Crear | Villager (Male) |
| 18:51 | Construir | Mill |
| 18:56 | Investigar | Wheelbarrow |
| 19:38 | Construir | Watch Tower |
| 19:59 | Construir | House |
| 20:00 | Construir | House |
| 20:00 | Construir | House |
| 20:01 | Construir | House |
| 20:01 | Construir | House |
| 20:01 | Construir | House |
| 20:02 | Construir | House |
| 20:29 | Crear | Villager (Male) |
| 20:29 | Crear | Villager (Male) |
| 20:29 | Crear | Villager (Male) |
| 20:29 | Crear | Villager (Male) |
| 22:19 | Construir | Stone Wall |
| 22:30 | Construir | Mining Camp |
| 22:46 | Construir | Stone Wall |
| 23:00 | Crear | Villager (Male) |
| 23:00 | Crear | Villager (Male) |
| 23:00 | Crear | Villager (Male) |
| 23:03 | Construir | Farm |
| 23:04 | Construir | Farm |
| 23:04 | Construir | Farm |
| 23:04 | Construir | Farm |
| 23:04 | Construir | Farm |
| 23:04 | Construir | Farm |
| 23:05 | Construir | Farm |
| 23:05 | Construir | Farm |
| 23:05 | Construir | Farm |
| 23:05 | Construir | Farm |
| 23:06 | Construir | Farm |
| 23:06 | Construir | Farm |
| 23:06 | Construir | Farm |
| 23:06 | Construir | Farm |
| 23:06 | Construir | Farm |
| 23:07 | Construir | Farm |
| 23:07 | Construir | Farm |
| 23:07 | Construir | Farm |
| 23:07 | Construir | Farm |
| 23:08 | Construir | Farm |
| 23:08 | Construir | Farm |
| 23:08 | Construir | Farm |
| 23:08 | Construir | Farm |
| 23:09 | Construir | Farm |
| 23:20 | Construir | Mining Camp |
| 23:36 | Construir | Gate |
| 23:46 | Construir | Stone Wall |
| 24:02 | Crear | Villager (Male) |
| 24:02 | Crear | Villager (Male) |
| 24:02 | Crear | Villager (Male) |
| 24:52 | Crear | Skirmisher ×5 |
| 25:20 | Construir | Gate |
| 26:15 | Crear | Militia ×5 |
| 29:09 | Construir | Mining Camp |
| 29:56 | Construir | Watch Tower |
| 32:34 | Construir | Market |
Cronología de la partida
| 1:00 | 叫我帅哥就好了 · wall_segment Palisade Wall x14 |
| 1:01 | Huntarof · wall_segment Palisade Wall x10 |
| 1:11 | Cracks0213 · wall_segment Palisade Wall x14 |
| 1:34 | oxy · wall_segment Palisade Wall x32 |
| 2:34 | animaniacs2 · wall_segment Palisade Wall x7 |
| 5:05 | Dj_HouseKarl · wall_segment Palisade Wall x5 |
| 5:54 | Dj_HouseKarl · first_building Dock |
| 6:52 | animaniacs2 · wall_segment Palisade Wall x1 |
| 7:25 | Kruziik Zoor · first_building Dock |
| 8:31 | Kruziik Zoor · wall_segment Palisade Wall x1 |
| 8:31 | Kruziik Zoor · wall_segment Palisade Wall x1 |
| 8:51 | Kruziik Zoor · wall_segment Palisade Wall x1 |
| 8:56 | Kruziik Zoor · wall_segment Palisade Wall x1 |
| 9:22 | Kruziik Zoor · wall_segment Palisade Wall x1 |
| 10:14 | animaniacs2 · age_up feudal |
| 10:20 | Kruziik Zoor · wall_segment Palisade Wall x1 |
| 10:21 | animaniacs2 · wall_segment Stone Wall x5 |
| 10:26 | Kruziik Zoor · wall_segment Palisade Wall x1 |
| 10:53 | Kruziik Zoor · wall_segment Palisade Wall x1 |
| 10:56 | Huntarof · age_up feudal |
| 11:18 | Dj_HouseKarl · age_up feudal |
| 11:41 | Cracks0213 · first_building Barracks |
| 11:47 | Huntarof · wall_segment Stone Wall x12 |
| 11:52 | Kruziik Zoor · age_up feudal |
| 12:21 | 叫我帅哥就好了 · age_up feudal |
| 12:26 | GermanWolf7 · first_building Barracks |
| 12:38 | 叫我帅哥就好了 · wall_segment Stone Wall x5 |
| 12:54 | Kruziik Zoor · first_market_sell 100 food |
| 13:57 | 叫我帅哥就好了 · first_building Donjon |
| 14:01 | GermanWolf7 · wall_segment Stone Wall x16 |
| 14:14 | Kruziik Zoor · first_building Barracks |
| 14:21 | Dj_HouseKarl · first_market_sell 100 food |
| 15:55 | Kruziik Zoor · age_up castle |
| 16:08 | GermanWolf7 · first_building Stable |
| 16:13 | Kruziik Zoor · first_market_buy 100 wood |
| 16:20 | oxy · age_up feudal |
| 17:13 | Dj_HouseKarl · age_up castle |
| 17:27 | oxy · wall_segment Stone Wall x17 |
| 17:36 | Dj_HouseKarl · first_building Barracks |
| 17:55 | Cracks0213 · first_building Archery Range |
| 18:11 | Huntarof · age_up castle |
| 18:13 | Kruziik Zoor · first_building Siege Workshop |
| 18:33 | animaniacs2 · age_up castle |
| 19:11 | 叫我帅哥就好了 · wall_segment Stone Wall x11 |
| 19:24 | Kruziik Zoor · first_building Monastery |
| 19:46 | animaniacs2 · first_market_buy 100 food |
| 19:47 | Huntarof · first_building Barracks |
| 20:25 | oxy · age_up castle |
| 20:35 | 叫我帅哥就好了 · first_market_buy 100 wood |
| 20:38 | Dj_HouseKarl · first_building Monastery |
| 20:57 | animaniacs2 · first_building Castle |
| 21:00 | Huntarof · first_building Monastery |
| 21:20 | oxy · first_building Castle |
| 21:23 | Dj_HouseKarl · first_building Castle |
| 21:39 | Huntarof · first_building Archery Range |
| 22:14 | Kruziik Zoor · wall_segment Palisade Wall x1 |
| 22:19 | Cracks0213 · wall_segment Stone Wall x17 |
| 22:46 | Cracks0213 · wall_segment Stone Wall x11 |
| 23:16 | Huntarof · first_building Dock |
| 23:21 | 叫我帅哥就好了 · first_building Dock |
| 23:38 | Dj_HouseKarl · first_building Archery Range |
| 23:46 | Cracks0213 · wall_segment Stone Wall x1 |
| 23:46 | 叫我帅哥就好了 · age_up castle |
| 24:19 | oxy · first_market_sell 100 wood |
| 24:26 | 叫我帅哥就好了 · first_building Siege Workshop |
| 25:00 | GermanWolf7 · first_building Siege Workshop |
| 25:01 | Huntarof · first_building Castle |
| 25:17 | oxy · first_building Monastery |
| 25:41 | GermanWolf7 · first_building Archery Range |
| 26:00 | GermanWolf7 · first_market_buy 100 stone |
| 26:08 | animaniacs2 · first_building Barracks |
| 26:11 | GermanWolf7 · first_building Castle |
| 26:40 | oxy · first_building Barracks |
| 26:45 | animaniacs2 · first_building Stable |
| 27:50 | Huntarof · first_market_buy 100 food |
| 28:14 | animaniacs2 · first_market_sell 100 wood |
| 28:25 | GermanWolf7 · first_market_sell 100 wood |
| 28:56 | GermanWolf7 · first_building Monastery |
| 28:59 | Dj_HouseKarl · first_market_buy 100 food |
| 29:05 | oxy · first_market_buy 500 food |
| 29:16 | Kruziik Zoor · wall_segment Palisade Wall x1 |
| 29:30 | animaniacs2 · wall_segment Stone Wall x8 |
| 29:38 | 叫我帅哥就好了 · wall_segment Stone Wall x23 |
| 29:58 | oxy · first_building Stable |
| 31:04 | Huntarof · age_up imperial |
| 32:08 | animaniacs2 · first_building Monastery |
| 32:20 | animaniacs2 · age_up imperial |
| 32:26 | Huntarof · first_market_sell 100 wood |
| 32:35 | oxy · age_up imperial |
| 32:50 | Dj_HouseKarl · age_up imperial |
| 34:35 | 叫我帅哥就好了 · first_building Barracks |
| 34:39 | Huntarof · first_building Stable |
| 34:41 | 叫我帅哥就好了 · first_building Monastery |
| 35:38 | 叫我帅哥就好了 · first_market_sell 100 food |
| 37:27 | Huntarof · first_building Siege Workshop |
| 37:27 | Kruziik Zoor · age_up imperial |
| 38:55 | 叫我帅哥就好了 · age_up imperial |
| 39:10 | animaniacs2 · first_building Archery Range |
| 39:20 | 叫我帅哥就好了 · wall_segment Stone Wall x9 |
| 39:50 | animaniacs2 · wall_segment Stone Wall x11 |
| 40:54 | Huntarof · wall_segment Stone Wall x11 |
| 41:18 | Kruziik Zoor · first_building Castle |
| 41:22 | animaniacs2 · wall_segment Stone Wall x9 |
| 43:38 | Kruziik Zoor · wall_segment Stone Wall x9 |
| 45:33 | Kruziik Zoor · wall_segment Stone Wall x1 |
| 45:34 | Kruziik Zoor · wall_segment Stone Wall x1 |
| 45:54 | 叫我帅哥就好了 · first_building Castle |
| 47:03 | Kruziik Zoor · first_building Stable |
| 48:40 | Kruziik Zoor · wall_segment Stone Wall x1 |
| 48:40 | Kruziik Zoor · wall_segment Stone Wall x1 |
| 48:47 | animaniacs2 · wall_segment Stone Wall x19 |
| 49:20 | oxy · wall_segment Stone Wall x19 |
| 49:33 | animaniacs2 · wall_segment Stone Wall x18 |
| 49:40 | Kruziik Zoor · wall_segment Stone Wall x10 |
| 49:55 | Kruziik Zoor · wall_segment Stone Wall x1 |
| 50:14 | Kruziik Zoor · wall_segment Stone Wall x6 |
| 50:24 | 叫我帅哥就好了 · first_building Stable |
| 50:28 | Huntarof · resign |
| 52:15 | Kruziik Zoor · wall_segment Stone Wall x1 |
[ ANÁLISIS IA · 1 CRÉDITO ]
¿Qué pasó realmente en esta partida?
Wolo.gg analiza cada decisión: build order, eco, micro, errores típicos por bracket. Análisis personalizado por WhatsApp o Discord en 30 segundos.
Guía civ
Sicilianos
Perfil
Jugador #12425865